AoeStats
← Mau5

Black Forest

509387044Analyzed
4v4 RM · 4d ago on Sep 26, 2026· 36m 15s· 8 players
Game mode
Random Map
Map size
Large (8 player)
Population
200
Speed
Normal
Resources
Standard
Victory
Conquest
Starting age
Dark Age
Ending age
Imperial Age
RankedLock teamsTeams togetherTeam positionsShared explorationLock speedFull tech treeHidden civsTurbo modeCheats
Victory
Defeat
🇦🇷 Tatars · Argentina
1628
+13
🇹🇷 Poles · Türkiye
1588
+15
🇦🇷 Vietnamese · Argentina
1577
+15
🇦🇺 Mongols · Australia
1551
+16
🇮🇳 Japanese · India
1662
-19
🇮🇳 Teutons · India
1538
-14
🇮🇳 Cumans · India
1538
-14
🇮🇳 Persians · India
1498
-12
Apep
3:12 Loom
15:38 Feudal Age
16:14 Horse Collar
16:51 Double-Bit Axe
20:48 Castle Age
19:50 Fishing Lines
22:22 Bow Saw
27:38 Wheelbarrow
30:32 Imperial Age
28:20 Forging
28:28 Squires
29:22 Heavy Plow
30:32 Iron Casting
30:51 Gold Mining
31:33 Scale Mail Armor
31:52 Arson
33:20 Elite Obuch
34:37 Stone Mining
Mau5
10:58 Feudal Age
15:12 Castle Age
13:33 Double-Bit Axe
14:51 Forging
27:02 Horse Collar
27:21 Fishing Lines
28:01 Gillnets
28:24 Stone Mining
28:30 Gold Mining
30:09 Bow Saw
33:41 Imperial Age
30:58 Loom
31:52 Fletching
32:07 Padded Archer Armor
33:05 Bodkin Arrow
33:12 Husbandry
33:22 Bloodlines
33:20 Thumb Ring
33:32 Leather Archer Armor
34:25 Bracer
35:28 Chemistry
34:48 Ballistics
35:03 Parthian Tactics
34:46 Elite Mangudai
35:47 Conscription
36:01 Nomads
36:42 Wheelbarrow
35:52 Town Watch
FutureEwe5582
9:13 Loom
11:17 Feudal Age
15:30 Castle Age
13:53 Double-Bit Axe
15:17 Fletching
16:34 Wheelbarrow
16:24 Bow Saw
16:31 Horse Collar
26:48 Bodkin Arrow
26:53 Padded Archer Armor
28:53 Ballistics
28:14 Treadmill Crane
32:38 Imperial Age
31:44 Husbandry
31:55 Bloodlines
32:02 Hand Cart
31:33 Town Watch
33:10 Leather Archer Armor
33:30 Bracer
34:32 Chemistry
34:45 Scale Barding Armor
34:51 Forging
34:54 Gold Mining
36:10 Chain Barding Armor
36:56 Iron Casting
knight_0701
0:52 Loom
11:43 Feudal Age
16:11 Fletching
21:02 Castle Age
21:13 Double-Bit Axe
22:50 Crossbowman
23:59 Bodkin Arrow
27:23 Horse Collar
37:53 Imperial Age
35:38 Heavy Plow
35:30 Gold Mining
37:08 Wheelbarrow
Dark_Knight
0:30 Loom
14:36 Feudal Age
15:36 Double-Bit Axe
MetallicChef630
8:53 Loom
11:43 Feudal Age
15:15 Castle Age
13:22 Double-Bit Axe
16:33 Horse Collar
20:23 Gold Mining
21:20 Scale Barding Armor
26:15 Chain Barding Armor
26:23 Bloodlines
28:28 Wheelbarrow
34:14 Forging
MR.Jithu
1:21 Loom
13:36 Feudal Age
18:20 Castle Age
20:59 Double-Bit Axe
20:54 Horse Collar
23:27 Bow Saw
29:09 Fletching
32:09 Gold Mining
37:16 Imperial Age
34:41 Stone Mining
35:31 Gold Shaft Mining
35:08 Bodkin Arrow
36:05 Scale Barding Armor
36:11 Forging
Aqua Sama
11:50 Feudal Age
12:55 Double-Bit Axe
12:51 Fishing Lines
16:30 Castle Age
16:33 Scale Barding Armor
17:39 Bow Saw
17:56 Gillnets
24:08 Wheelbarrow
28:15 Imperial Age
27:12 Fletching
27:23 Padded Archer Armor
28:17 Hand Cart
27:54 Loom
29:03 Ballistics
28:11 Elite Skirmisher
29:49 Bodkin Arrow
30:10 Leather Archer Armor
31:02 Chemistry
30:21 Horse Collar
30:59 Bracer
33:27 Ring Archer Armor
34:05 Thumb Ring
34:15 Bloodlines
34:06 Husbandry
34:17 Yasama
34:12 Heavy Cavalry Archer
35:31 Gold Mining
35:31 Stone Mining
36:12 Kataparuto
Connection lost

Rejoining the realm…

Still unreachable

The connection could not be restored.

Session expired

The server has moved on; the page needs a fresh start.